 Dungeon Crawl Stone Soup version 0.31-a0-133-gaae73658be (webtiles) character file.

Game seed: 2150851613017042889

3618 jasper the Covert (level 9, -3/46 HPs)
             Began as a Spriggan Summoner on June 2, 2023.
             Was a Believer of the Shining One.
             Slain by a yak (4 damage)
             ... on level 8 of the Dungeon.
             The game lasted 00:17:30 (6745 turns).

jasper the Covert (Spriggan Summoner)               Turns: 6745, Time: 00:17:31

Health: -3/46      AC:  7    Str:  4    XL:     9   Next: 86%
Magic:  8/14       EV: 21    Int: 21    God:    the Shining One [**....]
Gold:   423        SH:  0    Dex: 15    Spells: 4/13 levels left

rFire   . . .        n - +1 falchion (flame)
rCold   + . .        (no shield)
rNeg    + . .        a - +1 robe
rPois   +            f - +1 hat "Jaclod" {rPois rC+ Regen+}
rElec   .            y - +2 cloak {rPois}
rCorr   .            (gloves unavailable)
SInv    +            (boots unavailable)
Will    +....        (no amulet)
Stlth   ++           (no ring)
HPRegen 1.07/turn    (no ring)
MPRegen 0.14/turn

%: no passive effects
@: glowing, very quick
A: very small, no large weapons, unfitting armour, see invisible, speed 3
a: Renounce Religion, Divine Shield


You were on level 8 of the Dungeon.
You worshipped the Shining One.
The Shining One was pleased with you.
You visited 2 branches of the dungeon, and saw 9 of its levels.

You collected 423 gold pieces.

Inventory:

Hand Weapons
 e - a +0 whip
 i - a +0 short sword
 l - a +0 spear of venom
 n - a +1 falchion of flaming (weapon)
Armour
 a - a +1 robe (worn)
 d - an orb of energy
 f - the +1 hat "Jaclod" (worn) {rPois rC+ Regen+}
   (You acquired it on level 1 of the Dungeon)

   rC:        It protects you from cold.
   rPois:     It protects you from poison.
   Regen:     It increases your rate of health regeneration.
 u - a +0 cloak
 y - a +2 cloak of poison resistance (worn)
Jewellery
 r - a ring of fire
 s - a ring of fire
 w - an amulet of the acrobat
Wands
 q - a wand of light (11)
Scrolls
 c - 2 scrolls of fear
 o - a scroll of teleportation
 v - a scroll of enchant armour
Potions
 b - 2 potions of magic
 g - 2 potions of resistance
 j - a potion of degeneration
 k - a potion of might
 m - a potion of heal wounds {unknown}
 p - a potion of lignification
 t - a potion of attraction {unknown}
 x - 2 potions of enlightenment {unknown}


   Skills:
 + Level 4.6 Fighting
 + Level 4.6 Long Blades
 + Level 8.0 Dodging
 + Level 9.0 Stealth
 - Level 2.6 Spellcasting
 - Level 3.5 Hexes
 - Level 7.4 Summonings


You had 4 spell levels left.
You knew the following spells:

 Your Spells              Type           Power      Damage    Failure   Level
a - Summon Small Mammal   Summ           100%       N/A       1%          1
b - Call Imp              Summ           66%        N/A       1%          2
c - Call Canine Familiar  Summ           33%        N/A       1%          3
d - Summon Guardian Gole  Hex/Summ       25%        N/A       4%          3

Your spell library contained the following spells:

 Spells                   Type           Power      Damage    Failure   Level
 Lesser Beckoning         Tloc           4%         N/A       21%         2
 Sublimation of Blood     Necr           2%         N/A       21%         2
 Wereblood                Tmut           2%         N/A       21%         2
 Summon Ice Beast         Ice/Summ       18%        N/A       30%         4
 Summon Lightning Spire   Summ/Air       18%        N/A       30%         4
 Frozen Ramparts          Ice            4%         1d1       38%         3
 Gell's Gravitas          Tloc           2%         N/A       38%         3
 Teleport Other           Tloc           2%         N/A       38%         3
 Ice Form                 Ice/Tmut       2%         N/A       80%         4
 Summon Hydra             Summ           16%        N/A       99%         7


Dungeon Overview and Level Annotations

Branches:
Dungeon (8/15)             Temple (1/1) D:4
   Lair: D:8-11

Altars:
Ashenzari
Cheibriados
Dithmenos
Elyvilon
Fedhas
Gozag
Hepliaklqana
Kikubaaqudgha
Makhleb
Nemelex Xobeh
Okawaru
Qazlal
Ru
Sif Muna
Trog
Uskayaw
Vehumet
Wu Jian
Xom
Yredelemnul
The Shining One


Innate Abilities, Weirdness & Mutations

You are very small and have problems with some larger weapons.
You are too small for most types of armour.
You have supernaturally acute eyesight. (SInv)
You cover ground extremely quickly. (Speed+++)


Message History

Your quokka's corpse disappears in a puff of smoke!
Flame seeps out of your guardian golem. The yak completely misses you.
The orc wizard hits your guardian golem but does no damage.
The yak bellows!
You hit the yak but do no damage.
The yak is severely wounded.
Your guardian golem is engulfed in blazing flames.
Flame seeps out of your guardian golem. The yak barely misses you.
The yak gores you!
* * * LOW HITPOINT WARNING * * *
The yak completely misses you.
The orc wizard completely misses your guardian golem.
The orc wizard points at you and mumbles some strange words.
The puff of flame hits your guardian golem.
Your guardian golem resists.
Flame seeps out of your guardian golem.
You take 8 damage, and have 3/46 hp.
Okay, then.
You feel better. The yak completely misses you. The yak misses you. x2
The orc wizard hits your guardian golem with a +0 dagger.
Flame seeps out of your guardian golem.
You regained 6 hp, and now have 9/46 hp.
You hit the yak. You burn the yak.
The yak is almost dead.
Your guardian golem is engulfed in blazing flames.
Your guardian golem disappears in a puff of smoke!
Your guardian golem explodes!
The fiery explosion engulfs the orc wizard!!!
The orc wizard dies!
The fiery explosion engulfs the orc wizard!!
The orc wizard dies!
The fiery explosion engulfs the yak!!!
The yak is engulfed in blazing flames.
The yak dies!
The yak barely misses you. The yak closely misses you.
Your Dodging skill increases to level 8!
Your Stealth skill increases to level 9!
The yak gores you!
* * * LOW HITPOINT WARNING * * *
The yak gores you.
You die...

........###
......... #
#.......#
#.##.#.....###
.............#
#...†...§##
#.......§°##
#....#...#§#§##
..........)oY@#
............Y##
#.#.#.#....o#
#...........#
###...[.#...#
#.........#
###...#.#..
.....$...##
##....##.#


You could see 2 yaks and 2 orcs.

Vanquished Creatures
  2 yaks (D:8)
  2 water moccasins
  A black bear (D:4)
  A sky beast (D:7)
  2 centaurs
  A kobold brigand (D:4)
  A gnoll sergeant (D:6)
  Dowan (D:5)
  3 jellies
  A vampire bat (D:6)
  A quasit (D:4)
  Crazy Yiuf (D:6)
  An orc priest (D:5)
  A sleepcap (D:6)
  Jessica (D:2)
  An iguana (D:5)
  2 orc wizards
  Robin (D:3)
  4 gnolls
  3 adders
  2 shadow imps
  3 white imps
  An ufetubus (D:4)
  3 dart slugs
  18 orcs
  A bat (D:3)
  3 bat skeletons (D:6)
  3 endoplasms
  A goblin (D:1)
  3 quokkas
  2 frilled lizards
  2 kobolds
  A rat (D:4)
74 creatures vanquished.

Vanquished Creatures (collateral kills)
  Prince Ribbit (D:6)
  A water moccasin (D:7)
  An orc warrior (D:7)
  3 ogres (D:6)
  2 bullfrogs (D:6)
  2 wights (D:6)
  A jelly (D:5)
  A vampire bat (D:6)
  A quasit (D:4)
  2 orc priests
  2 iguanas
  An adder (D:3)
  8 gnolls
  2 dart slugs
  A worm (D:3)
  8 orcs
  2 bats (D:1)
  A bat skeleton (D:6)
  5 endoplasms
  2 giant cockroaches (D:1)
  15 goblins
  6 hobgoblins
  7 jackals (D:1)
  4 quokkas (D:1)
  A ball python (D:2)
  A frilled lizard (D:4)
  5 kobolds
  6 rats
92 creatures vanquished.

Vanquished Creatures (others)
  Grinder (D:6)
  A yak (D:8)
  An acid dragon (D:7)
  Duvessa (D:5)
  A wight (D:6)
  A jelly (D:6)
  A gnoll bouda (D:3)
  An iguana (D:7)
  Terence (D:3)
  2 orc wizards (D:8)
  2 gnolls (D:5)
  An adder (D:6)
14 creatures vanquished.

Grand Total: 180 creatures vanquished

Notes
Turn   | Place    | Note
-------+----------+-------------------------------------------
     0 | D:1      | jasper the Spriggan Summoner began the quest for the Orb.
     0 | D:1      | Reached XP level 1. HP: 9/9 MP: 5/5
   298 | D:1      | Reached XP level 2. HP: 13/13 MP: 3/6
   301 | D:1      | Learned a level 2 spell: Call Imp
   568 | D:1      | Reached XP level 3. HP: 14/16 MP: 5/8
   572 | D:1      | Learned a level 3 spell: Call Canine Familiar
   998 | D:1      | Identified a scroll of acquirement
   998 | D:1      | Acquired the +1 hat "Jaclod" {rPois rC+ Regen+}
  1336 | D:2      | Noticed Jessica
  1343 | D:2      | Killed Jessica
  1344 | D:2      | Reached XP level 4. HP: 6/21 MP: 3/9
  1680 | D:2      | Found a faded altar of an unknown god.
  1787 | D:2      | Reached skill level 5 in Summonings
  2069 | D:3      | Found a sacrificial altar of Ru.
  2231 | D:3      | Reached XP level 5. HP: 19/24 MP: 4/10
  2238 | D:3      | Learned a level 3 spell: Summon Guardian Golem
  2355 | D:3      | Noticed Terence
  2383 | D:3      | Killed Terence
  2790 | D:3      | Found a blossoming altar of Fedhas.
  2841 | D:3      | Reached XP level 6. HP: 28/28 MP: 6/11
  2876 | D:3      | Noticed Robin
  2892 | D:3      | Killed Robin
  3100 | D:4      | Found a staircase to the Ecumenical Temple.
  3111 | Temple   | Entered the Ecumenical Temple
  3190 | Temple   | Became a worshipper of the Shining One
  3358 | D:4      | Found an iron altar of Okawaru.
  3705 | D:4      | Reached XP level 7. HP: 16/32 MP: 9/12
  4042 | D:5      | Entered Level 5 of the Dungeon
  4212 | D:5      | Noticed Duvessa
  4212 | D:5      | Reached * piety under the Shining One
  4214 | D:5      | Noticed Dowan
  4224 | D:5      | Killed Duvessa
  4226 | D:5      | Killed Dowan
  4471 | D:5      | Reached skill level 1 in Fighting
  4471 | D:5      | Reached skill level 1 in Long Blades
  4513 | D:5      | Reached XP level 8. HP: 37/37 MP: 7/13
  4563 | D:5      | Found a radiant altar of Vehumet.
  4934 | D:6      | Reached skill level 4 in Stealth
  4950 | D:6      | Noticed Grinder
  4975 | D:6      | Killed Grinder
  4976 | D:6      | Reached skill level 5 in Dodging
  4976 | D:6      | Reached skill level 5 in Stealth
  5133 | D:6      | Reached skill level 6 in Stealth
  5338 | D:6      | Found a runed translucent door.
  5339 | D:6      | Noticed Crazy Yiuf
  5358 | D:6      | Reached ** piety under the Shining One
  5371 | D:6      | Reached XP level 9. HP: 42/44 MP: 8/14
  5436 | D:6      | Found a stormy altar of Qazlal.
  5436 | D:6      | Found a hazy altar of Hepliaklqana.
  5437 | D:6      | Found a shimmering blue altar of Sif Muna.
  5486 | D:6      | Found a white marble altar of Elyvilon.
  5632 | D:6      | Noticed Prince Ribbit
  5643 | D:6      | Killed Prince Ribbit
  5644 | D:6      | Reached skill level 7 in Stealth
  5806 | D:6      | Found an ancient bone altar of Kikubaaqudgha.
  5903 | D:6      | Killed Crazy Yiuf
  6527 | D:7      | Reached skill level 8 in Stealth
  6745 | D:8      | Reached skill level 9 in Stealth
  6745 | D:8      | HP: 1/46 [yak (10)]
  6745 | D:8      | Slain by a yak

Illustrated notes

Levels and vault maps discovered:
D:1:      heliophobic_arrival_glass_houses, layout_basic
D:2:      layout_loops_ring, chequers_ecumenical_altar_simple_redux,
          uniq_jessica
D:3:      layout_loops_ring, nicolae_overflow_hidden_temple,
          general_overflow_altar, uniq_robin, uniq_terence
D:4:      layout_loops_ring, mainiacjoe_overflow_chevrons,
          minmay_temple_entry_slanted, serial_demonic, serial_demonic_a,
          serial_demonic_f, serial_demonic_c, serial_demonic_b,
          serial_demonic_c, serial_demonic_g, lexackson_kobold_supper
D:5:      layout_gridville, nicolae_vehumet_altar_sigil, uniq_duvessa
D:6:      layout_cave_pools, kennysheep_vampire_church,
          chequers_temple_overflow_statue_of_worship,
          mainiacjoe_overflow_concentric_impassable, grunt_ministairs_6,
          uniq_prince_ribbit1, uniq_grinder, uniq_crazy_yiuf_cottage
D:7:      lemuel_ratsnest, layout_loops_corners, lemuel_flamethrower_2
D:8:      layout_basic
Temple:   nicolae_temple_hex_pool

Skill      XL: |  1  2  3  4  5  6  7  8  9 |
---------------+----------------------------+-----
Summonings     | 4 5 6 7 |  7.4
Hexes          | 3 |  3.5
Dodging        | 3 6 8 |  8.0
Fighting       | 1 3 4 |  4.6
Long Blades    | 1 3 4 |  4.6
Stealth        | 6 9 |  9.0
Spellcasting   | |  2.6

Action                     |  1- 3 |  4- 6 |  7- 9 || total
---------------------------+-------+-------+-------++-------
  Melee: Whip              |    83 |    22 |       ||   105
         Punch             |     1 |     3 |     4 ||     8
         Unarmed           |       |     8 |       ||     8
         Short sword       |       |     3 |       ||     3
         Falchion          |       |    42 |   194 ||   236
   Cast: Summon Small Mamm |    13 |       |     7 ||    20
         Call Imp          |    15 |     4 |       ||    19
         Call Canine Famil |     4 |    19 |    35 ||    58
         Summon Guardian G |       |     1 |    11 ||    12
  Evoke: Wand              |       |       |     2 ||     2
    Use: Scroll            |     4 |     3 |     8 ||    15
         Potion            |       |     2 |     2 ||     4
   Stab: Distracted        |     1 |       |       ||     1
         Sleeping          |       |     2 |       ||     2
 Armour: Robe              |    12 |    26 |    34 ||    72
         Skin              |       |     6 |       ||     6
  Dodge: Dodged            |    85 |    97 |   260 ||   442

Table legend: (Time is in decaauts)
 A = Elapsed time spent in this place.
 B = Non-inter-level travel time spent in this place.
 C = Inter-level travel time spent in this place.
 D = Time resting spent in this place.
 E = Time spent auto-exploring this place.
 F = Levels seen in this place.
 G = Mean time per level.
                   A        B        C        D        E       F      G
               +--------+--------+--------+--------+--------+-----+--------+
         Total |   5102 |   4951 |    151 |    186 |   3243 |   9 |  566.9 |
       Dungeon |   5040 |   4901 |    139 |    186 |   3204 |   8 |  630.0 |
        Temple |     62 |     50 |     12 |      0 |     39 |   1 |   62.0 |
               +--------+--------+--------+--------+--------+-----+--------+

Top non-repeatable levels by time:
     D:6: 893 daAuts
     D:1: 878 daAuts
     D:3: 823 daAuts
     D:5: 649 daAuts
     D:2: 639 daAuts
     D:4: 625 daAuts
     D:7: 491 daAuts
  Temple: 62 daAuts
     D:8: 39 daAuts
